 Dungeon Crawl Stone Soup version 0.30.1-1-g62c8e00024 (webtiles) character file.

Game seed: 14897851661439010445

485 Gorgoleon the Grave Robber (level 7, -10/49 HPs)
             Began as a Human Necromancer on July 15, 2023.
             Mangled by Menkaure (16 damage)
             ... on level 5 of the Dungeon.
             The game lasted 00:17:06 (4945 turns).

Gorgoleon the Grave Robber (Human Necromancer)      Turns: 4945, Time: 00:17:09

Health: -10/49     AC:  4    Str: 10    XL:     7   Next: 35%
Magic:  7/10       EV: 12    Int: 15    God:
Gold:   360        SH:  0    Dex: 14    Spells: 2/10 levels left

rFire   . . .        k - +0 whip
rCold   . . .        (no shield)
rNeg    . . .        f - +0 leather armour
rPois   .            (no helmet)
rElec   .            (no cloak)
rCorr   .            q - +0 pair of gloves
SInv    .            (no boots)
Will    .....        (no amulet)
Stlth   ++           (no ring)
HPRegen 0.28/turn    (no ring)
MPRegen 0.12/turn

%: no passive effects
@: no status effects
A: no striking features
a: no special abilities


You were on level 5 of the Dungeon.
You visited 1 branch of the dungeon, and saw 5 of its levels.

You collected 360 gold pieces.

Inventory:

Hand Weapons
 k - a +0 whip (weapon)
Missiles
 c - 51 stones
Armour
 f - a +0 leather armour (worn)
 q - a +0 pair of gloves (worn)
Jewellery
 n - a +6 ring of intelligence
 B - a +6 ring of intelligence
Wands
 o - a wand of polymorph (9)
Scrolls
 a - a scroll of acquirement {unknown}
 d - a scroll of noise {unknown}
 g - 2 scrolls of fear {unknown}
 l - 3 scrolls of blinking {unknown}
 r - 9 scrolls of identify {unknown}
 t - a scroll of magic mapping {unknown}
 u - a scroll of poison {unknown}
 w - a scroll of enchant armour {unknown}
 y - a scroll of butterflies {unknown}
 A - a scroll of vulnerability {unknown}
Potions
 b - a potion of magic
 e - 3 potions of haste
 h - a potion of flight
 i - a potion of invisibility {unknown}
 j - a potion of attraction {unknown}
 m - a potion of cancellation
 p - 5 potions of curing {unknown}
 s - 2 potions of berserk rage {unknown}
 v - a potion of heal wounds {unknown}
 x - 2 potions of ambrosia {unknown}
 z - a potion of might {unknown}
 C - a potion of degeneration {unknown}


   Skills:
 + Level 1.8 Fighting
 + Level 3.2 Maces & Flails
 - Level 3.0 Armour
 - Level 3.0 Dodging
 - Level 2.0 Stealth
 - Level 2.0 Spellcasting
 - Level 6.0 Necromancy


You had 2 spell levels left.
You knew the following spells:

 Your Spells              Type           Power      Damage    Failure   Level
a - Necrotise             Necr           76%        1d7       2%          1
b - Vampiric Draining     Necr           19%        2d7       8%          3
c - Animate Dead          Necr           19%        N/A       24%         4

Your spell library contained the following spells:

 Spells                   Type           Power      Damage    Failure   Level
 Sting                    Tmut/Pois      4%         1d3       28%         1
 Poisonous Vapours        Pois/Air       2%         N/A       41%         2
 Scorch                   Fire           2%         2d5       41%         2
 Agony                    Necr           19%        N/A       56%         5
 Frozen Ramparts          Ice            2%         1d1       65%         3
 Volatile Blastmotes      Fire/Tloc      2%         2d10      65%         3
 Flame Wave               Conj/Fire      1%         2d4       96%         4
 Fulminant Prism          Conj/Hex       0%         3d5       96%         4
 Ice Form                 Ice/Tmut       1%         N/A       96%         4
 Iskenderun's Mystic Bla  Conj/Tloc      1%         2d3       96%         4
 Olgreb's Toxic Radiance  Pois           1%         N/A       96%         4
 Summon Ice Beast         Ice/Summ       1%         N/A       96%         4
 Lee's Rapid Deconstruct  Erth           0%         3d4*      100%        5
 Summon Cactus Giant      Summ           0%         N/A       100%        6


Dungeon Overview and Level Annotations

Branches:
Dungeon (5/15)
 Temple: D:4-7

Altars:
Okawaru
Trog
Yredelemnul

Shops:
D:3 *

Annotations:
D:5 Menkaure


Message History

Press: ? - help, Q - select action, (/) - cycle Shift-Dir - straight line, f/p - Menkaure
Aim: Menkaure (fast, not susceptible) Nothing appears to happen.
Something hits you.
* * * LOW HITPOINT WARNING * * *
Aiming: Necrotise (safe; 2% risk of failure)
Press: ? - help, Q - select action, (/) - cycle Shift-Dir - straight line, f/p - Menkaure
Aim: Menkaure (fast, not susceptible)
Something writhes in agony.
Reactivating autopickup.
You feel a bit more experienced.
Menkaure hits Sigmund.
Training target 3.0 for Dodging reached!
Training target 3.0 for Armour reached!
Your Maces & Flails skill increases to level 3!
Your Armour skill increases to level 3!
Your Dodging skill increases to level 3!
Menkaure hits Sigmund.
Menkaure hits Sigmund.
Sigmund hits Menkaure but does no damage.
Menkaure calls on the powers of darkness!
Your body is wracked with pain!
* * * LOW HITPOINT WARNING * * *
Menkaure calls on the powers of darkness!
Your body is wracked with pain!
* * * LOW HITPOINT WARNING * * *
It was a potion of haste.
You feel yourself speed up.
Sigmund hits Menkaure but does no damage.
Menkaure hits Sigmund!!
Sigmund is destroyed!
It was a potion of flight.
You feel very buoyant.
You fly up into the air.
It was a potion of cancellation.
Your magical effects are unravelling.
You feel magically purged.
You feel yourself slow down.
You float gracefully downwards.
Menkaure is no longer moving quickly.
Menkaure hits you!
You die...

#.##.#
#.##.#
#.##.#
###.##.#
#.†....#
#.#†#..#
#.#.#..#
#.#M####
#.#@#
#.#.#
#.#.#
#.#.#
#.#.#
#.#.#
#.#.#
#.#.#
#.#.#


You could see Menkaure.

Vanquished Creatures
  Sigmund (D:5)
  2 scorpions
  A hound (D:4)
  An orc wizard (D:4)
  3 iguanas
  4 adders
  An ufetubus (D:4)
  3 worms
  6 orcs
  8 ball pythons
  2 bats
  6 endoplasms
  7 giant cockroaches
  10 goblins
  9 hobgoblins
  4 jackals (D:1)
  5 quokkas
  2 frilled lizards
  2 kobolds (D:1)
  6 rats
  A spectral orc (D:3)
84 creatures vanquished.

Vanquished Creatures (collateral kills)
  A hobgoblin (D:1)
  A bat (D:1)
2 creatures vanquished.

Grand Total: 86 creatures vanquished

Notes
Turn   | Place    | Note
-------+----------+-------------------------------------------
     0 | D:1      | Gorgoleon the Human Necromancer began the quest for the
                  | Orb.
     0 | D:1      | Reached XP level 1. HP: 13/13 MP: 3/3
   376 | D:1      | Reached XP level 2. HP: 18/19 MP: 5/5
   747 | D:1      | Found a faded altar of an unknown god.
   783 | D:1      | Reached XP level 3. HP: 23/24 MP: 1/6
   984 | D:1      | Reached skill level 5 in Necromancy
  1025 | D:1      | Learned a level 3 spell: Vampiric Draining
  1662 | D:2      | Reached XP level 4. HP: 28/30 MP: 7/7
  2187 | D:3      | Found Zyarr's General Store.
  2711 | D:3      | Reached skill level 1 in Armour
  2882 | D:3      | Found a basalt altar of Yredelemnul.
  3012 | D:3      | Found a bloodstained altar of Trog.
  3077 | D:3      | Reached XP level 5. HP: 23/36 MP: 8/8
  3377 | D:4      | Reached skill level 1 in Fighting
  3377 | D:4      | Reached skill level 1 in Maces & Flails
  3690 | D:4      | Reached XP level 6. HP: 20/43 MP: 7/9
  3697 | D:4      | Learned a level 4 spell: Animate Dead
  4052 | D:4      | Found an iron altar of Okawaru.
  4217 | D:4      | Reached skill level 6 in Necromancy
  4539 | D:5      | Entered Level 5 of the Dungeon
  4843 | D:5      | Reached XP level 7. HP: 45/48 MP: 3/10
  4910 | D:5      | Noticed Sigmund
  4913 | D:5      | Noticed Menkaure
  4939 | D:5      | Killed Sigmund
  4945 | D:5      | Mangled by Menkaure

Illustrated notes

Levels and vault maps discovered:
D:1:      lemuel_arrival_behind_the_door_large, layout_loops_corners,
          ebering_ecumenical_altar_abandoned
D:2:      layout_loops_ring, minmay_stone_trees_medium,
          amcnicky_mini_corridor_feature, minmay_randomly_rotated_circles
D:3:      cheibrodos_greedy_goblins, layout_loops_ring,
          mainiacjoe_overflow_surrounded_room,
          yredelemnul_forgotten_temple_becter, serial_shops, shop
D:4:      layout_loops_ring, mainiacjoe_overflow_alcove_4
D:5:      layout_basic, uniq_edmund, uniq_sigmund, uniq_pikel, uniq_menkaure

Skill      XL: |  1  2  3  4  5  6  7 |
---------------+----------------------+-----
Necromancy     | 5 6 |  6.0
Armour         | 1 2 3 |  3.0
Fighting       | 1 |  1.8
Maces & Flails | 1 2 3 |  3.2
Dodging        | 3 |  3.0
Stealth        | |  2.0
Spellcasting   | |  2.0

Action                     |  1- 3 |  4- 6 |  7- 9 || total
---------------------------+-------+-------+-------++-------
  Melee: Dagger            |    27 |       |       ||    27
         Whip              |    64 |   181 |     2 ||   247
         Punch             |       |     1 |       ||     1
   Cast: Necrotise         |    38 |    75 |     5 ||   118
         Vampiric Draining |     1 |       |       ||     1
         Animate Dead      |       |     1 |       ||     1
    Use: Potion            |       |       |     3 ||     3
   Stab: Sleeping          |     1 |     3 |       ||     4
         Distracted        |       |     1 |       ||     1
 Armour: Leather armour    |    22 |    46 |       ||    68
  Dodge: Dodged            |    52 |   133 |       ||   185
